General information
- name: BNet
- type: Ladder team game (AT/RT)
- host: Battle.net
- saver: Ze.Rath3isaFaig
map: Deadlock
- players: 8
- length: 44:34
- speed: Fast
- version: 1.24 W3XP
- replay type: Public
» download(346 KB)
Players
team 1 (loser)

»
General-M (
red | 55 APM | 2439 actions | 44:32)
7 Death Knight
3 Death Coil
3 Unholy Aura
1 Animate Dead
5 Crypt Lord
2 Impale
3 Spiked Carapace
3 Paladin
2 Holy Light
1 Devotion Aura
1 Mountain King
1 Storm Bolt
» actions
| Basic commands | 10 | |
| Build / train | 139 | |
| Enter build submenu | 44 | |
| Enter hero's abilities submenu | 16 | |
| Give item / drop item | 1 | |
| Remove unit from queue | 1 | |
| Right click | 1340 | |
| Select / deselect | 719 | |
| Use ability | 169 | |
2439 total
» units
| Acolyte | 12 | |
| Ghoul | 4 | |
| Crypt Fiend | 23 | |
| Obsidian Statue | 7 | |
| Peasant | 3 | |
| Frost Wyrm | 9 | |
| Gryphon Rider | 5 | |
| Siege Engine | 3 | |
66 total
» upgrades
| Creature Attack | 2 | |
| Creature Carapace | 2 | |
| Web | 1 | |
| Unholy Strength | 1 | |
| Burrow | 1 | |
| Destroyer Form | 1 | |
| Swords | 3 | |
| Plating | 2 | |
| Armor | 3 | |
| Masonry | 2 | |
| Storm Hammers | 1 | |
| Gunpowder | 3 | |
| Fragmentation Shards | 1 | |
23 total
» buildings
| Crypt | 4 | |
| Graveyard | 3 | |
| Ziggurat | 16 | |
| Altar of Darkness | 3 | |
| Tomb of Relics | 2 | |
| Halls of the Dead | 2 | |
| Black Citadel | 1 | |
| Slaughterhouse | 1 | |
| Sacrificial Pit | 1 | |
| Boneyard | 1 | |
| Gryphon Aviary | 2 | |
| Blacksmith | 1 | |
| Farm | 2 | |
| Necropolis | 1 | |
40 total
» build order
00:52 Crypt
00:56 Graveyard
01:22 Ziggurat
01:40 Altar of Darkness
02:09 Ziggurat
02:23 Tomb of Relics
04:55 Ziggurat
05:50 Halls of the Dead
06:54 Ziggurat
07:15 Ziggurat
08:41 Ziggurat
08:43 Ziggurat
10:13 Black Citadel
10:16 Slaughterhouse
12:38 Sacrificial Pit
15:38 Boneyard
15:50 Gryphon Aviary
16:12 Gryphon Aviary
16:18 Blacksmith
16:20 Farm
18:25 Crypt
18:57 Necropolis
19:23 Farm
19:34 Ziggurat
19:36 Ziggurat
19:45 Graveyard
19:47 Tomb of Relics
19:50 Ziggurat
19:54 Altar of Darkness
19:59 Ziggurat
23:11 Crypt
27:38 Halls of the Dead
36:58 Altar of Darkness
37:00 Ziggurat
37:01 Ziggurat
37:02 Ziggurat
38:09 Crypt
38:50 Graveyard
40:16 Ziggurat
40:17 Ziggurat
» items
| Rod of Necromancy | 2 | |
| Scroll of Town Portal | 4 | |
| Orb of Corruption | 1 | |
| Scroll of Healing | 2 | |
| Potion of Mana | 1 | |
| Potion of Healing | 3 | |
| Staff of Sanctuary | 14 | |
27 total
photosynthesis (
blue | 69 APM | 2869 actions | 41:25)
8 Death Knight
3 Death Coil
3 Unholy Aura
1 Death Pact
1 Animate Dead
6 Lich
3 Frost Nova
1 Dark Ritual
1 Frost Armor
1 Death and Decay
3 Dreadlord
1 Vampiric Aura
2 Sleep
2 Mountain King
1 Bash
1 Avatar
1 Paladin
1 Resurrection
» actions
| Assign group hotkey | 22 | |
| Basic commands | 3 | |
| Build / train | 153 | |
| Enter build submenu | 32 | |
| Enter hero's abilities submenu | 20 | |
| Give item / drop item | 4 | |
| Remove unit from queue | 19 | |
| Right click | 1737 | |
| Select / deselect | 683 | |
| Select group hotkey | 26 | |
| Use ability | 170 | |
2869 total
» units
| Acolyte | 6 | |
| Ghoul | 8 | |
| Crypt Fiend | 19 | |
| Frost Wyrm | 12 | |
| Gryphon Rider | 9 | |
| Siege Engine | 1 | |
| Mortar Team | 10 | |
65 total
» upgrades
| Creature Attack | 3 | |
| Web | 1 | |
| Burrow | 1 | |
| Creature Carapace | 3 | |
| Freezing Breath | 1 | |
| Barrage | 1 | |
| Plating | 1 | |
| Gunpowder | 1 | |
12 total
» buildings
| Crypt | 2 | |
| Ziggurat | 6 | |
| Altar of Darkness | 1 | |
| Tomb of Relics | 2 | |
| Graveyard | 1 | |
| Halls of the Dead | 4 | |
| Black Citadel | 1 | |
| Sacrificial Pit | 2 | |
| Spirit Tower | 5 | |
| Nerubian Tower | 4 | |
| Necropolis | 2 | |
| Boneyard | 2 | |
| Gryphon Aviary | 2 | |
| Workshop | 2 | |
| Farm | 5 | |
41 total
» build order
00:10 Crypt
00:13 Ziggurat
00:41 Altar of Darkness
00:51 Tomb of Relics
01:06 Tomb of Relics
02:17 Crypt
02:22 Graveyard
02:27 Ziggurat
03:12 Halls of the Dead
03:12 Halls of the Dead
05:09 Ziggurat
05:40 Black Citadel
06:05 Sacrificial Pit
07:36 Spirit Tower
07:46 Spirit Tower
07:57 Nerubian Tower
07:57 Nerubian Tower
07:57 Nerubian Tower
08:33 Sacrificial Pit
10:16 Necropolis
10:19 Necropolis
11:50 Boneyard
11:51 Boneyard
12:22 Ziggurat
16:57 Ziggurat
18:59 Ziggurat
19:39 Spirit Tower
19:42 Spirit Tower
23:22 Gryphon Aviary
23:23 Gryphon Aviary
23:25 Workshop
23:27 Workshop
23:28 Farm
25:02 Farm
26:25 Farm
27:14 Farm
27:16 Farm
37:12 Spirit Tower
» items
| Rod of Necromancy | 2 | |
| Scroll of Town Portal | 9 | |
| Orb of Corruption | 5 | |
| Potion of Mana | 2 | |
| Scroll of Healing | 2 | |
| Scroll of Regeneration | 1 | |
21 total

»
slick_nick_420 (
pink | 58 APM | 2600 actions | 44:27)
10 Death Knight
3 Death Coil
3 Unholy Aura
3 Death Pact
1 Animate Dead
» actions
| Assign group hotkey | 30 | |
| Basic commands | 4 | |
| Build / train | 95 | |
| Enter build submenu | 32 | |
| Enter hero's abilities submenu | 10 | |
| Give item / drop item | 2 | |
| Right click | 1724 | |
| Select / deselect | 390 | |
| Select group hotkey | 169 | |
| Use ability | 144 | |
2600 total
» units
| Acolyte | 11 | |
| Ghoul | 4 | |
| Crypt Fiend | 18 | |
| Frost Wyrm | 5 | |
38 total
» upgrades
| Creature Attack | 3 | |
| Creature Carapace | 3 | |
| Web | 1 | |
| Burrow | 1 | |
8 total
» buildings
| Crypt | 2 | |
| Altar of Darkness | 2 | |
| Ziggurat | 16 | |
| Graveyard | 2 | |
| Nerubian Tower | 3 | |
| Tomb of Relics | 1 | |
| Halls of the Dead | 1 | |
| Black Citadel | 1 | |
| Sacrificial Pit | 1 | |
| Boneyard | 2 | |
| Necropolis | 1 | |
| Spirit Tower | 5 | |
37 total
» build order
00:18 Crypt
00:22 Altar of Darkness
00:37 Ziggurat
01:02 Graveyard
01:45 Ziggurat
01:49 Nerubian Tower
01:49 Nerubian Tower
02:07 Tomb of Relics
04:14 Ziggurat
05:26 Halls of the Dead
06:12 Ziggurat
07:49 Black Citadel
08:34 Sacrificial Pit
08:37 Ziggurat
10:12 Boneyard
10:14 Boneyard
10:54 Necropolis
15:35 Ziggurat
16:57 Spirit Tower
16:59 Ziggurat
17:01 Ziggurat
18:14 Ziggurat
18:16 Ziggurat
19:20 Spirit Tower
20:50 Spirit Tower
21:55 Ziggurat
21:58 Ziggurat
34:16 Altar of Darkness
34:18 Ziggurat
34:20 Ziggurat
35:24 Ziggurat
35:44 Graveyard
36:23 Ziggurat
36:25 Crypt
37:11 Spirit Tower
37:20 Spirit Tower
» items
| Rod of Necromancy | 2 | |
| Sacrificial Skull | 1 | |
| Scroll of Town Portal | 9 | |
| Potion of Healing | 5 | |
| Circlet of Nobility | 1 | |
| Orb of Corruption | 1 | |
| Potion of Mana | 3 | |
| Lesser Clarity Potion | 4 | |
| Scroll of Healing | 1 | |
27 total
Abhorrence (
teal | 69 APM | 1052 actions | 15:10)
4 Mountain King
2 Storm Bolt
2 Bash
2 Paladin
1 Holy Light
1 Divine Shield
» actions
| Assign group hotkey | 16 | |
| Basic commands | 52 | |
| Build / train | 65 | |
| ESC pressed | 3 | |
| Enter build submenu | 24 | |
| Enter hero's abilities submenu | 6 | |
| Give item / drop item | 1 | |
| Right click | 422 | |
| Select / deselect | 248 | |
| Select group hotkey | 137 | |
| Use ability | 78 | |
1052 total
» units
| Peasant | 14 | |
| Rifleman | 10 | |
| Mortar Team | 2 | |
26 total
» upgrades
| Long Rifles | 1 | |
| Lumber Harvesting | 1 | |
2 total
» buildings
| Blacksmith | 1 | |
| Farm | 6 | |
| Barracks | 1 | |
| Altar of Kings | 1 | |
| Scout Tower | 4 | |
| Arcane Tower | 4 | |
| Arcane Vault | 1 | |
| Lumber Mill | 1 | |
| Town Hall | 1 | |
| Keep | 1 | |
| Workshop | 2 | |
| Castle | 2 | |
| Arcane Sanctum | 1 | |
| Guard Tower | 2 | |
| Gryphon Aviary | 1 | |
29 total
» build order
00:15 Blacksmith
00:17 Farm
00:28 Barracks
01:22 Altar of Kings
01:36 Farm
02:07 Scout Tower
02:27 Farm
02:43 Arcane Tower
02:43 Arcane Tower
02:52 Arcane Vault
02:57 Farm
05:23 Lumber Mill
05:29 Town Hall
05:33 Keep
06:51 Farm
07:43 Farm
08:34 Workshop
09:57 Workshop
10:42 Scout Tower
12:07 Castle
12:07 Castle
12:17 Arcane Sanctum
12:43 Arcane Tower
12:43 Arcane Tower
12:45 Scout Tower
13:17 Guard Tower
13:17 Guard Tower
13:19 Scout Tower
15:02 Gryphon Aviary
» items
| Lesser Clarity Potion | 2 | |
| Scroll of Regeneration | 1 | |
| Boots of Speed | 2 | |
| Periapt of Vitality | 2 | |
| Potion of Lesser Invulnerability | 2 | |
| Potion of Healing | 4 | |
| Scroll of Town Portal | 1 | |
| Mechanical Critter | 1 | |
15 total
team 2 (winner)
Ze.Rath3isaFaig (
green | 88 APM | 3915 actions | 44:34)
7 Death Knight
3 Death Coil
3 Unholy Aura
1 Animate Dead
8 Dark Ranger
3 Black Arrow
3 Silence
1 Charm
1 Life Drain
» actions
| Assign group hotkey | 49 | |
| Basic commands | 1305 | |
| Build / train | 113 | |
| ESC pressed | 1 | |
| Enter build submenu | 27 | |
| Enter hero's abilities submenu | 15 | |
| Right click | 1041 | |
| Select / deselect | 558 | |
| Select group hotkey | 639 | |
| Use ability | 167 | |
3915 total
» units
| Acolyte | 7 | |
| Ghoul | 2 | |
| Crypt Fiend | 20 | |
| Harpy Rogue | 1 | |
| Obsidian Statue | 5 | |
| Frost Wyrm | 12 | |
47 total
» upgrades
| Web | 1 | |
| Creature Attack | 3 | |
| Creature Carapace | 3 | |
| Destroyer Form | 1 | |
8 total
» buildings
| Graveyard | 1 | |
| Crypt | 1 | |
| Ziggurat | 6 | |
| Altar of Darkness | 1 | |
| Tomb of Relics | 1 | |
| Nerubian Tower | 1 | |
| Halls of the Dead | 1 | |
| Necropolis | 1 | |
| Slaughterhouse | 1 | |
| Sacrificial Pit | 1 | |
| Black Citadel | 1 | |
| Boneyard | 2 | |
18 total
» build order
00:18 Graveyard
00:21 Crypt
00:47 Ziggurat
01:02 Altar of Darkness
01:06 Ziggurat
01:58 Tomb of Relics
02:01 Nerubian Tower
03:53 Halls of the Dead
05:16 Necropolis
06:09 Ziggurat
06:10 Ziggurat
08:34 Slaughterhouse
08:49 Ziggurat
08:50 Ziggurat
08:52 Sacrificial Pit
10:22 Black Citadel
12:48 Boneyard
12:48 Boneyard
» items
| Rod of Necromancy | 2 | |
| Potion of Healing | 3 | |
| Scroll of Town Portal | 8 | |
| Potion of Lesser Invulnerability | 1 | |
| Scroll of Healing | 7 | |
| Potion of Invisibility | 1 | |
| Scroll of Protection | 2 | |
| Boots of Speed | 1 | |
| Orb of Corruption | 1 | |
26 total
wPL.Amp (
purple | 61 APM | 2729 actions | 44:32)
8 Demon Hunter
3 Mana Burn
3 Evasion
1 Metamorphosis
1 Immolation
4 Naga Sea Witch
2 Frost Arrows
2 Forked Lightning
1 Priestess of the Moon
1 Trueshot Aura
1 Keeper of the Grove
1 Entangling Roots
» actions
| Assign group hotkey | 32 | |
| Basic commands | 291 | |
| Build / train | 115 | |
| ESC pressed | 1 | |
| Enter build submenu | 28 | |
| Enter hero's abilities submenu | 14 | |
| Give item / drop item | 4 | |
| Remove unit from queue | 2 | |
| Right click | 1062 | |
| Select / deselect | 711 | |
| Select group hotkey | 338 | |
| Use ability | 130 | |
2729 total
» units
» upgrades
| Abolish Magic | 1 | |
| Ultravision | 1 | |
| Nature's Blessing | 1 | |
| Well Spring | 1 | |
| Strength of the Wild | 3 | |
| Reinforced Hides | 3 | |
10 total
» buildings
| Altar of Elders | 3 | |
| Moon Well | 13 | |
| Ancient of War | 1 | |
| Tree of Ages | 4 | |
| Hunter's Hall | 1 | |
| Ancient of Wonders | 2 | |
| Ancient of Lore | 3 | |
| Tree of Life | 4 | |
| Tree of Eternity | 4 | |
35 total
» build order
00:09 Altar of Elders
00:21 Moon Well
00:35 Ancient of War
01:30 Moon Well
02:59 Tree of Ages
02:59 Tree of Ages
03:00 Tree of Ages
03:35 Hunter's Hall
04:05 Moon Well
04:27 Ancient of Wonders
05:44 Ancient of Lore
05:45 Ancient of Lore
06:17 Tree of Life
08:20 Tree of Life
08:57 Tree of Eternity
08:58 Tree of Eternity
08:58 Tree of Eternity
10:10 Moon Well
12:18 Tree of Life
12:40 Ancient of Lore
12:43 Ancient of Wonders
21:12 Moon Well
21:14 Moon Well
30:49 Tree of Life
42:01 Moon Well
43:01 Altar of Elders
43:02 Moon Well
43:05 Moon Well
43:06 Moon Well
43:11 Moon Well
43:12 Moon Well
43:14 Altar of Elders
43:16 Moon Well
» items
| Staff of Preservation | 1 | |
| Scroll of Town Portal | 6 | |
| Orb of Venom | 1 | |
| Anti-magic Potion | 2 | |
| Potion of Healing | 3 | |
| Potion of Mana | 1 | |
| Scroll of Healing | 1 | |
| Scroll of Protection | 2 | |
| Potion of Lesser Invulnerability | 4 | |
| Dust of Appearance | 1 | |
22 total

»
JTblaze112 (
yellow | 43 APM | 1914 actions | 44:33)
5 Keeper of the Grove
2 Entangling Roots
2 Thorns Aura
1 Tranquility
3 Priestess of the Moon
2 Searing Arrows
1 Trueshot Aura
» actions
| Build / train | 106 | |
| Enter build submenu | 28 | |
| Enter hero's abilities submenu | 8 | |
| Right click | 1131 | |
| Select / deselect | 414 | |
| Use ability | 227 | |
1914 total
» units
| Wisp | 22 | |
| Archer | 11 | |
| Druid of the Claw | 53 | |
86 total
» upgrades
| Druid of the Claw Training | 2 | |
| Mark of the Claw | 1 | |
| Strength of the Wild | 1 | |
| Reinforced Hides | 1 | |
5 total
» buildings
| Moon Well | 8 | |
| Altar of Elders | 2 | |
| Ancient of War | 2 | |
| Tree of Ages | 1 | |
| Tree of Life | 2 | |
| Hunter's Hall | 1 | |
| Tree of Eternity | 1 | |
| Ancient of Lore | 7 | |
| Ancient of Wonders | 1 | |
| Ancient Protector | 2 | |
27 total
» build order
00:12 Moon Well
00:15 Altar of Elders
01:11 Ancient of War
01:34 Moon Well
02:06 Ancient of War
02:48 Tree of Ages
03:41 Moon Well
04:42 Moon Well
04:56 Tree of Life
05:49 Hunter's Hall
06:00 Tree of Eternity
06:28 Moon Well
07:55 Ancient of Lore
07:58 Ancient of Lore
08:05 Ancient of Lore
10:17 Ancient of Wonders
12:41 Moon Well
12:47 Moon Well
15:29 Moon Well
21:02 Ancient of Lore
21:11 Tree of Life
25:18 Altar of Elders
26:13 Ancient of Lore
37:28 Ancient of Lore
37:31 Ancient of Lore
39:56 Ancient Protector
39:58 Ancient Protector
» items
| Scroll of Town Portal | 2 | |
| Orb of Venom | 1 | |
3 total
ochoa (
orange | 44 APM | 1965 actions | 44:33)
7 Archmage
2 Summon Water Elemental
3 Brilliance Aura
1 Blizzard
1 Mass Teleport
5 Mountain King
3 Storm Bolt
1 Bash
1 Avatar
3 Blood Mage
2 Flame Strike
1 Banish
» actions
| Basic commands | 48 | |
| Build / train | 118 | |
| Enter build submenu | 28 | |
| Enter hero's abilities submenu | 16 | |
| Right click | 730 | |
| Select / deselect | 887 | |
| Use ability | 138 | |
1965 total
» units
| Peasant | 15 | |
| Footman | 11 | |
| Knight | 3 | |
| Mortar Team | 6 | |
| Siege Engine | 8 | |
| Flying Machine | 25 | |
68 total
» upgrades
| Swords | 2 | |
| Plating | 3 | |
| Lumber Harvesting | 2 | |
| Flare | 1 | |
| Fragmentation Shards | 1 | |
| Gunpowder | 3 | |
| Barrage | 1 | |
| Flying Machine Bombs | 1 | |
| Flak Cannons | 1 | |
15 total
» buildings
| Barracks | 1 | |
| Altar of Kings | 1 | |
| Farm | 13 | |
| Lumber Mill | 2 | |
| Arcane Vault | 1 | |
| Town Hall | 1 | |
| Keep | 1 | |
| Blacksmith | 1 | |
| Castle | 1 | |
| Workshop | 3 | |
| Scout Tower | 3 | |
| Cannon Tower | 1 | |
29 total
» build order
00:25 Barracks
00:33 Altar of Kings
00:39 Farm
01:19 Lumber Mill
01:26 Farm
02:04 Farm
02:34 Arcane Vault
02:43 Farm
04:19 Town Hall
04:38 Keep
05:13 Farm
05:19 Blacksmith
06:09 Farm
06:55 Farm
07:04 Castle
07:46 Farm
08:27 Farm
08:32 Workshop
08:36 Workshop
10:02 Farm
10:22 Lumber Mill
10:50 Farm
11:36 Farm
12:26 Farm
15:17 Workshop
23:13 Scout Tower
23:15 Scout Tower
28:39 Scout Tower
29:29 Cannon Tower
» items
| Scroll of Regeneration | 4 | |
| Lesser Clarity Potion | 1 | |
| Scroll of Town Portal | 6 | |
| Orb of Fire | 1 | |
| Boots of Speed | 1 | |
13 total
Chat log
(00:18 / Allies) JTblaze112: wuddap
(00:29 / Allies) JTblaze112: ill go archer to dryad talons
(00:32 / Allies) Ze.Rath3isaFaig: k
(00:37 / Allies) Ze.Rath3isaFaig: cc a few expos then lets hit
(00:39 / Allies) wPL.Amp: dryads
(00:43 / Allies) wPL.Amp: \wait
(00:44 / Allies) Ze.Rath3isaFaig: taking this one
(00:44 / Allies) wPL.Amp: bears.
(00:51 / Allies) wPL.Amp: you nigglet!
(00:54 / Allies) Ze.Rath3isaFaig: 2 nes and not one gave me 100 =\
(00:58 / Allies) JTblaze112: u wanna go dryads
(01:01 / Allies) JTblaze112: ill go bears
(01:04 / Allies) Ze.Rath3isaFaig: ty
(01:09 / Allies) wPL.Amp: it's whatev mang.
(01:15 / Allies) JTblaze112: haha
(01:19 / Allies) JTblaze112: no worrie
(02:25 / All) Ze.Rath3isaFaig: you really have a level 7 on your team?
(02:30 / All) photosynthesis: yes
(02:45 / All) slick_nick_420: as if level in rt means anything
(02:57 / All) wPL.Amp: i've worked hard for mine!
(02:58 / All) Ze.Rath3isaFaig: i had a level 1 and he never played ud before
(03:03 / All) Ze.Rath3isaFaig: it was a sight to see
(03:07 / All) General-M: hey hey... dude
(03:14 / All) General-M: lvl DOES mean SOMETHING
(03:19 / All) wPL.Amp: yeah1
(03:20 / All) Ze.Rath3isaFaig: lol
(03:21 / All) General-M: that you spend waaaaaaaaay too much time on this game
(03:25 / All) wPL.Amp: hahaha.
(03:42 / All) Ze.Rath3isaFaig: too bad you didn't play 4s when we were battling for rank 1 a couple seasons ago general
(03:45 / All) Ze.Rath3isaFaig: would've been a lot of fun
(04:03 / All) slick_nick_420: haven't we all been rank 1 before
(04:11 / All) General-M: we were fighting for rank 1?
(04:28 / All) Ze.Rath3isaFaig: you were 39 or 40, and I was 39, we'd swithc like every other day until I got to level 41/31
(04:31 / All) Ze.Rath3isaFaig: 41/42
(04:38 / All) photosynthesis: good for you
(04:42 / All) photosynthesis: ever get laid?
(04:46 / All) General-M: no...
(04:53 / All) photosynthesis: my point
(05:01 / All) slick_nick_420: I live with my gf have to play when she at work :D
(05:11 / All) General-M: so she wears the pants?
(05:19 / Allies) wPL.Amp: who's goin dryads?
(05:20 / Allies) Ze.Rath3isaFaig: we almost rdy?
(05:21 / All) slick_nick_420: no but I don't wanna hear her bitch
(06:27 / Allies) Ze.Rath3isaFaig: root
(06:33 / Allies) Ze.Rath3isaFaig: wake up
(06:42 / Allies) JTblaze112: lol
(06:55 / Allies) Ze.Rath3isaFaig: sec
(07:17 / Allies) Ze.Rath3isaFaig: wow don't tp
(07:18 / Allies) Ze.Rath3isaFaig: omfg
(07:25 / Allies) Ze.Rath3isaFaig: why do you fall for shit like that
(07:28 / Allies) JTblaze112: it will distract go
(07:41 / Allies) Ze.Rath3isaFaig: don't run in purple
(08:27 / Allies) Ze.Rath3isaFaig: i'm out
(08:30 / Allies) wPL.Amp: same.
(08:43 / Allies) Ze.Rath3isaFaig: go back purple
(08:50 / Allies) wPL.Amp: coin.
(08:55 / Allies) wPL.Amp: comin**
(09:06 / Allies) JTblaze112: b
(09:07 / Allies) Ze.Rath3isaFaig: stay almost there
(09:13 / Allies) JTblaze112: i meant to u
(09:43 / Allies) JTblaze112: b
(09:44 / Allies) wPL.Amp: b
(09:49 / Allies) Ze.Rath3isaFaig: out
(09:50 / Allies) wPL.Amp: fuck that noise.
(10:00 / Allies) wPL.Amp: bears soon?
(10:06 / Allies) JTblaze112: yup
(10:08 / Allies) Ze.Rath3isaFaig: need something soon
(10:33 / Allies) JTblaze112: omw
(10:42 / Allies) Ze.Rath3isaFaig: shit stay in your base
(10:44 / Allies) wPL.Amp: mass fiend.
(10:53 / Allies) Ze.Rath3isaFaig: rdy ot tp?
(10:57 / Allies) Ze.Rath3isaFaig: k go now
(11:05 / Allies) Ze.Rath3isaFaig: GO TP NOW
(11:10 / Allies) Ze.Rath3isaFaig: put well son oaut
(11:35 / Allies) Ze.Rath3isaFaig: yelowo tp
(12:07 / All) photosynthesis: nah
(12:18 / Allies) Ze.Rath3isaFaig: meet keep massing morts
(12:40 / Allies) Ze.Rath3isaFaig: i say we hit here
(12:54 / Allies) JTblaze112: kj
(12:57 / Allies) Ze.Rath3isaFaig: meeet
(13:27 / Allies) Ze.Rath3isaFaig: don't RUN IN
(13:39 / Allies) Ze.Rath3isaFaig: fightoutside his base
(14:51 / Allies) Ze.Rath3isaFaig: OUT NOW
(14:55 / Allies) Ze.Rath3isaFaig: wtf happened
(15:10 / Allies) Ze.Rath3isaFaig: keep massing i have mass frost coming
(15:37 / Allies) Ze.Rath3isaFaig: mass dryads no more bears
(15:43 / Allies) wPL.Amp: we need bears.
(16:09 / Allies) Ze.Rath3isaFaig: coming
(16:15 / Allies) JTblaze112: klol
(16:21 / Allies) Ze.Rath3isaFaig: ROOT
(16:58 / Allies) JTblaze112: ya
(17:21 / Allies) Ze.Rath3isaFaig: gj man
(17:42 / Allies) JTblaze112: b
(17:47 / Allies) Ze.Rath3isaFaig: out run
(17:53 / Allies) JTblaze112: lol
(17:57 / Allies) Ze.Rath3isaFaig: omfg
(18:02 / Allies) Ze.Rath3isaFaig: why can't aynone ever stay wiht me
(18:09 / Allies) JTblaze112: he killed em
(18:18 / Allies) Ze.Rath3isaFaig: i see that great but I just lost everyhtign
(18:32 / Allies) JTblaze112: ya but your army to a base is worth it
(18:35 / Allies) JTblaze112: we will rebuild
(18:36 / Allies) Ze.Rath3isaFaig: out
(18:47 / Allies) JTblaze112: b
(18:49 / Allies) wPL.Amp: oh my god.
(18:49 / Allies) wPL.Amp: lol
(18:51 / Allies) Ze.Rath3isaFaig: just mass tanks now
(19:03 / Allies) wPL.Amp: tanks and dryads
(19:14 / Allies) Ze.Rath3isaFaig: anyone have lumber?
(19:16 / Allies) JTblaze112: lets meet
(19:21 / Allies) Ze.Rath3isaFaig: meet here
(19:28 / Allies) Ze.Rath3isaFaig: we hit the UD weak base vs tanks/mort
(19:28 / Allies) JTblaze112: tp
(19:29 / Allies) JTblaze112: hurry
(19:33 / Allies) Ze.Rath3isaFaig: fuck tp to yellow
(19:47 / Allies) Ze.Rath3isaFaig: i'm ther
(19:48 / Allies) Ze.Rath3isaFaig: TP TO YELOW
(20:00 / Allies) JTblaze112: gbogogo
(20:38 / Allies) Ze.Rath3isaFaig: why wtf
(21:20 / Allies) Ze.Rath3isaFaig: make mroe dryads
(21:23 / Allies) JTblaze112: then base
(21:23 / Allies) Ze.Rath3isaFaig: mass dryads no more bears damnit
(21:42 / Allies) Ze.Rath3isaFaig: they'll be out of gold sooon
(22:39 / Allies) Ze.Rath3isaFaig: out now
(22:40 / Allies) Ze.Rath3isaFaig: tp out
(22:50 / Allies) Ze.Rath3isaFaig: can't win without orange
(23:02 / Allies) Ze.Rath3isaFaig: you're dead
(23:08 / Allies) Ze.Rath3isaFaig: you don't understand the oncept of a tp I gues
(23:14 / Allies) JTblaze112: ya i am
(23:19 / Allies) Ze.Rath3isaFaig: walk we can try adn save yellow with orange
(23:35 / Allies) Ze.Rath3isaFaig: go walk
(23:39 / Allies) Ze.Rath3isaFaig: don't tp just walk
(24:08 / Allies) Ze.Rath3isaFaig: roange come here
(24:14 / Allies) JTblaze112: gogogog
(24:16 / Allies) Ze.Rath3isaFaig: GOGO
(24:22 / Allies) JTblaze112: orange
(24:23 / Allies) Ze.Rath3isaFaig: WTF IR AONFGE AT OFMG
(24:25 / Allies) JTblaze112: u muh fuckjer
(24:25 / All) Ze.Rath3isaFaig: WOWOWWOW
(24:25 / Allies) Ze.Rath3isaFaig: WTF
(24:29 / Allies) JTblaze112: klol
(24:38 / Allies) Ze.Rath3isaFaig: omfg
(24:43 / Allies) JTblaze112: dude
(24:45 / Allies) Ze.Rath3isaFaig: ornage is a breain dead fuck
(24:54 / Allies) JTblaze112: lol
(25:00 / Allies) Ze.Rath3isaFaig: go prule fight wow
(25:09 / Allies) JTblaze112: 'hogo
(25:22 / Allies) JTblaze112: lmao
(25:24 / Allies) JTblaze112: orange
(25:28 / Allies) JTblaze112: u made this way to hard
(25:49 / Allies) Ze.Rath3isaFaig: i need lumber please
(26:37 / Allies) JTblaze112: wait
(26:39 / Allies) JTblaze112: all togethor
(26:41 / Allies) Ze.Rath3isaFaig: meet
(26:57 / Allies) Ze.Rath3isaFaig: wait up
(26:58 / Allies) Ze.Rath3isaFaig: for my dk please
(27:18 / Allies) Ze.Rath3isaFaig: we shoudl go while they hit
(27:21 / Allies) JTblaze112: go
(27:41 / Allies) Ze.Rath3isaFaig: fine go here
(27:42 / Allies) Ze.Rath3isaFaig: stay with orange
(27:43 / Allies) JTblaze112: go
(27:45 / Allies) wPL.Amp: back
(28:20 / Allies) JTblaze112: b
(28:25 / Allies) JTblaze112: orange
(28:29 / Allies) JTblaze112: stop fyucking up
(28:39 / Allies) JTblaze112: go
(28:42 / Allies) Ze.Rath3isaFaig: wtf is orange at
(29:16 / Allies) Ze.Rath3isaFaig: i'm out
(29:33 / All) wPL.Amp: really?
(29:37 / Allies) Ze.Rath3isaFaig: got get a fucking tp purple
(29:42 / Allies) wPL.Amp: i have no gold.
(30:09 / Allies) wPL.Amp: gold anyone?
(30:17 / Allies) Ze.Rath3isaFaig: STOP
(30:18 / Allies) Ze.Rath3isaFaig: MAKING
(30:20 / Allies) Ze.Rath3isaFaig: BEARS OMFG
(30:21 / Allies) Ze.Rath3isaFaig: wow
(30:25 / Allies) Ze.Rath3isaFaig: you stil make bears after all this time
(30:27 / Allies) wPL.Amp: yellow, gold.
(31:03 / Allies) Ze.Rath3isaFaig: go coming
(31:23 / Allies) Ze.Rath3isaFaig: ROOT
(32:41 / Allies) wPL.Amp: gold anyone?
(32:43 / Allies) wPL.Amp: for sh
(32:44 / Allies) wPL.Amp: dh
(33:00 / Allies) wPL.Amp: ty
(33:05 / Allies) Ze.Rath3isaFaig: go we kill pinik
(33:07 / Allies) Ze.Rath3isaFaig: no heroes
(33:39 / Allies) Ze.Rath3isaFaig: DK ROOT
(33:41 / Allies) Ze.Rath3isaFaig: OFMG
(33:42 / Allies) Ze.Rath3isaFaig: WAKE UP
(33:43 / Allies) Ze.Rath3isaFaig: YOUF G
(33:49 / Allies) Ze.Rath3isaFaig: TYELLOW WHY
(33:50 / Allies) Ze.Rath3isaFaig: DO YOU DO THAT
(33:57 / Allies) Ze.Rath3isaFaig: god i fuckign hate you
(34:16 / All) wPL.Amp: oh my
(34:38 / All) slick_nick_420: kill my hero and die I don't give a fuck
(36:23 / All) Ze.Rath3isaFaig: lol
(37:17 / Allies) Ze.Rath3isaFaig: lets finish it
(38:09 / Allies) Ze.Rath3isaFaig: all now please
(38:30 / Allies) Ze.Rath3isaFaig: go finish im
(38:53 / Allies) Ze.Rath3isaFaig: wtf are you doing
(42:02 / Allies) Ze.Rath3isaFaig: goign
(42:53 / All) slick_nick_420: gg red decided to hang onto 4 grand this whole time
(43:28 / All) Ze.Rath3isaFaig: thanks for the frost
(44:07 / Allies) wPL.Amp: blue dk
(44:29 / All) wPL.Amp: bye